 Dungeon Crawl Stone Soup version 0.28-a0-802-g09f76e8c00 (webtiles) character file.

Game seed: 8454477823670691675

339 croobank the Stinger (level 6, -7/34 HPs)
             Began as an Octopode Venom Mage on Nov 6, 2021.
             Was an Initiate of Hepliaklqana.
             Mangled by an ice beast (14 damage)
             ... on level 5 of the Dungeon.
             The game lasted 00:31:03 (4344 turns).

croobank the Stinger (Octopode Venom Mage)          Turns: 4344, Time: 00:31:04

Health: -7/34      AC:  1    Str: 10    XL:     6   Next: 55%
Magic:  11/11      EV: 13    Int: 17    God:    Hepliaklqana [......]
Gold:   85         SH:  0    Dex: 12    Spells: 2/12 levels left

rFire   . . .      SeeInvis .   s - +4 mace
rCold   . . .      Faith    .   (no shield)
rNeg    . . .      Spirit   .   (helmet restricted)
rPois   .          Reflect  .   (no amulet)
rElec   .          Harm     .   w - ring of willpower
rCorr   .          Rampage  .   (no ring)
Will    +....                   (no ring)
Stlth   +++.......              (no ring)
HPRegen 0.11/turn               (no ring)
MPRegen 0.12/turn               (no ring)
                                (no ring)
                                (no ring)

@: no status effects
A: almost no armour, amphibious, 8 rings, camouflage 1, gelatinous body 1,
(nimble swimmer 1), tentacles, frail 1
a: Renounce Religion


You were on level 5 of the Dungeon.
You worshipped Hepliaklqana.
Hepliaklqana was noncommittal.
You visited 2 branches of the dungeon, and saw 8 of its levels.

You collected 85 gold pieces.

Inventory:

Hand Weapons
 b - a +0 spear
 c - a +0 hunting sling
 h - a +0 short sword
 j - a +0 hand axe
 s - a +4 mace (weapon)
 v - a +0 quarterstaff
Missiles
 a - 105 arrows
 g - 57 stones
 r - 3 javelins (quivered)
Armour
 f - a +0 tower shield
Jewellery
 w - a ring of willpower (left tentacle)
Wands
 m - a wand of digging (4)
 p - a wand of polymorph (12)
Scrolls
 i - a scroll of enchant armour
 k - a scroll of brand weapon {unknown}
 l - a scroll of enchant weapon {unknown}
 t - a scroll of teleportation {unknown}
 x - a scroll of magic mapping {unknown}
Potions
 d - a potion of haste
 e - a potion of curing
 n - a potion of magic
 o - a potion of flight
 q - a potion of resistance
 u - a potion of lignification


   Skills:
 + Level 1.1 Fighting
 + Level 1.1(1.5) Axes
 + Level 1.5(1.8) Maces & Flails
 + Level 2.2 Dodging
 + Level 3.4 Stealth
 + Level 3.6 Spellcasting
 + Level 3.0 Transmutations
 + Level 5.1 Poison Magic


You had 2 spell levels left.
You knew the following spells:

 Your Spells              Type           Power      Damage    Failure   Level
a - Sting                 Tmut/Pois      64%        1d6       3%          1
b - Poisonous Vapours     Pois/Air       22%        N/A       9%          2
c - Mephitic Cloud        Conj/Pois/Air  8%         N/A       24%         3
d - Olgreb's Toxic Radia  Pois           20%        N/A       21%         4

Your spell library contained the following spells:

 Spells                   Type           Power      Damage    Failure   Level
 Blink                    Tloc           6%         N/A       26%         2
 Lesser Beckoning         Tloc           3%         N/A       45%         3
 Portal Projectile        Hex/Tloc       6%         N/A       45%         3
 Blade Hands              Tmut           6%         N/A       78%         5
 Excruciating Wounds      Necr           1%         N/A       99%         5
 Manifold Assault         Tloc           3%         N/A       99%         5


Dungeon Overview and Level Annotations

Branches:
Dungeon (7/15)             Temple (1/1) D:7

Altars:
Dithmenos
Fedhas
Gozag
Hepliaklqana
Makhleb
Nemelex Xobeh
Qazlal
Ru
Sif Muna
Trog
Uskayaw
Wu Jian
Xom
Yredelemnul
Zin
The Shining One

Shops:
D:4 :   D:5 :

Annotations:
D:5 Grinder


Innate Abilities, Weirdness & Mutations

You cannot wear most types of armour.
You are amphibious.
You can wear up to eight rings at the same time.
Your skin changes colour to match your surroundings (Stealth+).
Your rubbery body absorbs attacks. (AC +1, EV +1)
((You are camouflaged near water. (Stealth+)))
You have tentacles for arms and can constrict up to eight enemies at once.
You are frail. (-10% HP)


Message History

There is an open door here.
There is an open door here.
x - a scroll labelled DOSEST CIURA
Found a stone staircase leading down.
As you open the door, it creaks loudly!
There is an open door here.
Found a whip.
A black bear comes into view.
Grinder blinks!
An ice beast comes into view.
Casting: Sting (safe; 3% risk of failure)
Confirm with . or Enter, or press ? or * to list all spells.
Okay, then.
Throw: 5 javelins
Press: ? - help, Q - select action, (/) - cycle Shift-Dir - straight line, f - ice beast
Aim: an ice beast (56% to hit)
You throw a javelin.
The javelin barely misses the ice beast.
Throw: 4 javelins
Press: ? - help, Q - select action, (/) - cycle Shift-Dir - straight line, f/p - ice beast
Aim: an ice beast (56% to hit)
You throw a javelin.
The javelin pierces through the ice beast but does no damage.
You closely miss the ice beast. The ice beast barely misses you.
You sock the ice beast! Your squeeze misses the ice beast.
The ice beast is moderately wounded.
The ice beast hits you. The ice beast freezes you!
You sock the ice beast!
The ice beast is severely wounded.
The ice beast hits you. The ice beast freezes you!
* * * LOW HITPOINT WARNING * * *
Grinder gestures at you. You resist with some effort.
The ice beast completely misses you.
You barely miss the ice beast.
The ice beast is severely wounded.
Grinder gestures at you. You resist with some effort. The ice beast hits you.
* * * LOW HITPOINT WARNING * * *
The ice beast freezes you!
You die...

#######..# .#
#........## .#
#.........##.#.#..
................'..
##.......#..#.#.# .
...########.#.#.#...
## ########.#.......
#...5............
#@######.........
#Y# #.......... ..#
#...#...... ...#
#.#.#..... ....#
)...#..... .....#
.......... ......#
..^h#..?### ......(#
#...# #>.#


You could see Grinder and an ice beast.

Vanquished Creatures
  A water moccasin skeleton (D:5)
  2 howler monkeys (D:5)
  A centaur zombie (D:7)
  A hound (D:4)
  An iguana (D:5)
  Jessica (D:2)
  3 adders
  2 worms (D:2)
  A dart slug (D:1)
  An orc (D:3)
  6 bats
  3 endoplasms
  2 giant cockroaches
  3 goblins
  8 hobgoblins
  3 jackals (D:1)
  2 quokkas
  5 ball pythons
  4 frilled lizards
  9 kobolds
  7 rats
66 creatures vanquished.

Vanquished Creatures (others)
  A ghoul (D:1)
  2 octopodes (D:1)
  A gargoyle (D:1)
  3 vine stalkers (D:1)
  An elf (D:1)
  A troll (D:1)
  A merfolk (D:1)
  A mummy (D:1)
  2 gnolls (D:1)
  2 orcs (D:1)
  13 tentacles (D:1)
28 creatures vanquished.

Grand Total: 94 creatures vanquished

Notes
Turn   | Place    | Note
-------+----------+-------------------------------------------
     0 | D:1      | croobank the Octopode Venom Mage began the quest for the
                  | Orb.
     0 | D:1      | Reached XP level 1. HP: 11/11 MP: 3/3
     2 | D:1      | Noticed a vine stalker
     2 | D:1      | Noticed a merfolk
     2 | D:1      | Noticed a troll
     2 | D:1      | Noticed a gargoyle
     2 | D:1      | Noticed an octopode
     2 | D:1      | Noticed a vine stalker
     2 | D:1      | Noticed a kraken
     2 | D:1      | Noticed a ghoul
     2 | D:1      | Noticed a vine stalker
     2 | D:1      | Noticed an octopode
     2 | D:1      | Noticed an elf
     5 | D:1      | Killed a vine stalker
     8 | D:1      | Killed a merfolk
     8 | D:1      | Killed a vine stalker
     9 | D:1      | Killed a gargoyle
    11 | D:1      | Killed a troll
    13 | D:1      | Killed an octopode
    18 | D:1      | Killed a vine stalker
    19 | D:1      | Killed an octopode
    24 | D:1      | Killed an elf
    26 | D:1      | Killed a ghoul
    89 | D:1      | Reached skill level 4 in Poison Magic
   120 | D:1      | Reached XP level 2. HP: 17/17 MP: 3/5
   732 | D:1      | Learned a level 2 spell: Poisonous Vapours
   777 | D:1      | Reached XP level 3. HP: 19/21 MP: 4/6
   971 | D:1      | Learned a level 3 spell: Mephitic Cloud
  1438 | D:2      | Noticed Jessica
  1676 | D:2      | Found a faded altar of an unknown god.
  1822 | D:2      | Gained mutation: You are frail. (-10% HP) [potion of
                  | mutation]
  1921 | D:2      | Reached XP level 4. HP: 22/24 MP: 4/8
  2140 | D:2      | Killed Jessica
  2380 | D:3      | Found a hide-covered altar of Uskayaw.
  3200 | D:3      | Found a burning altar of Makhleb.
  3278 | D:4      | Reached XP level 5. HP: 24/28 MP: 7/9
  3346 | D:4      | Found Lubripru's Book Emporium.
  3373 | D:4      | You fall into a shaft and drop 3 floors!
  3541 | D:7      | Found a staircase to the Ecumenical Temple.
  3546 | Temple   | Entered the Ecumenical Temple
  3630 | Temple   | Became a worshipper of Hepliaklqana the Forgotten
  3636 | Temple   | Learned a level 4 spell: Olgreb's Toxic Radiance
  3837 | D:5      | Entered Level 5 of the Dungeon
  3837 | D:5      | Noticed Grinder
  3916 | D:5      | Reached skill level 1 in Axes
  3916 | D:5      | Reached XP level 6. HP: 20/33 MP: 9/11
  3918 | D:5      | Reached skill level 1 in Maces & Flails
  3918 | D:5      | Reached skill level 5 in Poison Magic
  3947 | D:5      | Reached skill level 1 in Fighting
  3955 | D:5      | Found Piank's Book Emporium.
  4330 | D:5      | Noticed a black bear
  4337 | D:5      | Noticed an ice beast
  4344 | D:5      | Mangled by an ice beast

Illustrated notes

Levels and vault maps discovered:
D:1:      nicolae_arrival_kraken_aquarium_b, layout_basic
D:2:      layout_loops_ring, basic_ecumenical_altar, uniq_jessica
D:3:      layout_loops_cross, lemuel_coloured_pillars_altar,
          mainiacjoe_overflow_24_doors
D:4:      layout_basic, serial_shops, shop_fountains, solitary_fountain
D:5:      layout_basic, serial_shops, shop, uniq_grinder
D:6:      layout_rooms, kiku_gazebo_pond_becter
D:7:      layout_gridville, minmay_temple_entry_arrows, gammafunk_ghost_split
Temple:   eino_narrow_crystal_temple

Skill      XL: |  1  2  3  4  5  6 |
---------------+-------------------+-----
Poison Magic   | 4 5 |  5.1
Stealth        | 3 |  3.4
Transmutations | 2 3 |  3.0
Spellcasting   | 3 |  3.6
Axes           | 1 |  1.1
Maces & Flails | 1 |  1.5
Fighting       | 1 |  1.1
Dodging        | |  2.2

Action                   |  1- 3 |  4- 6 || total
-------------------------+-------+-------++-------
Melee: Unarmed           |    11 |       ||    11
       Constrict         |     9 |     6 ||    15
       Tentacles         |     9 |     8 ||    17
       Short sword       |    12 |       ||    12
       Whip              |     6 |       ||     6
       Hand axe          |    10 |    11 ||    21
       Spear             |     2 |       ||     2
       Mace              |       |    33 ||    33
Throw: Javelin           |       |     2 ||     2
 Cast: Sting             |    55 |    33 ||    88
  Use: Scroll            |     5 |     6 ||    11
       Potion            |     1 |     1 ||     2
 Stab: Sleeping          |       |     1 ||     1
Armor: Skin              |     7 |    10 ||    17
Dodge: Dodged            |    24 |    30 ||    54

Table legend: (Time is in decaauts)
 A = Elapsed time spent in this place.
 B = Non-inter-level travel time spent in this place.
 C = Inter-level travel time spent in this place.
 D = Time resting spent in this place.
 E = Time spent auto-exploring this place.
 F = Levels seen in this place.
 G = Mean time per level.
                   A        B        C        D        E       F      G
               +--------+--------+--------+--------+--------+-----+--------+
         Total |   4360 |   4230 |    130 |    860 |   2401 |   8 |  545.0 |
       Dungeon |   4118 |   4001 |    117 |    860 |   2235 |   7 |  588.3 |
        Temple |    242 |    229 |     13 |      0 |    166 |   1 |  242.0 |
               +--------+--------+--------+--------+--------+-----+--------+

Top non-repeatable levels by time:
     D:1: 1420 daAuts
     D:3: 956 daAuts
     D:2: 892 daAuts
     D:5: 514 daAuts
  Temple: 242 daAuts
     D:7: 207 daAuts
     D:4: 110 daAuts
     D:6: 15 daAuts
